 Dungeon Crawl Stone Soup version 0.25.1-2-g60ff931df9 (webtiles) character file.

Game seed: 13603813187143469192

1139 Kolguev the Cleaver (level 8, -19/71 HPs)
             Began as a Minotaur Berserker on July 31, 2020.
             Was a Priest of Trog.
             Engulfed by an orc's flame (29 damage)
             ... on level 7 of the Dungeon on Nov 4, 2020.
             The game lasted 00:25:25 (4737 turns).

Kolguev the Cleaver (Minotaur Berserker)            Turns: 4737, Time: 00:25:26

Health: -19/71     AC:  4    Str: 24    XL:     8   Next: 14%
Magic:  7/7        EV: 14    Int:  4    God:    Trog [***...]
Gold:   155        SH:  0    Dex: 10    Spells: 7/7 levels left

rFire    . . .     SeeInvis +   m - +2 hand axe (vorpal)
rCold    . . .     Gourm    .   (no shield)
rNeg     . . .     Faith    .   b - +0 animal skin
rPois    +         Spirit   .   (helmet restricted)
rElec    .         Reflect  .   (no cloak)
rCorr    .         Harm     .   e - +0 pair of gloves
MR       .....                  l - +0 pair of boots
Stlth    +.........             (no amulet)
HPRegen  0.21/turn              y - ring of poison resistance
MPRegen  0.10/turn              D - ring of see invisible

@: berserk cooldown, slowed, very slow
A: retaliatory headbutt, horns 2
a: Berserk, Trog's Hand, Renounce Religion


You were on level 7 of the Dungeon.
You worshipped Trog.
Trog was most pleased with you.
You were hungry.

You visited 1 branch of the dungeon, and saw 7 of its levels.

You collected 330 gold pieces.
You spent 175 gold pieces at shops.

Inventory:

Hand Weapons
 m - a +2 vorpal hand axe (weapon)
Armour
 b - a +0 animal skin (worn)
 e - a +0 pair of gloves (worn)
 l - a +0 pair of boots (worn)
 v - a +0 kite shield
Jewellery
 y - a ring of poison resistance (left hand)
 D - a ring of see invisible (right hand)
Wands
 j - a wand of enslavement (6)
 u - a wand of polymorph (10)
 A - a wand of iceblast (3)
Scrolls
 d - 5 scrolls of remove curse
 f - 2 scrolls of fog {unknown}
 i - 4 scrolls of amnesia {unknown}
 k - 8 scrolls of identify
 n - 4 scrolls of teleportation {unknown}
 o - 2 scrolls of immolation {unknown}
 p - 4 scrolls of noise {unknown}
 r - a scroll of magic mapping {unknown}
 w - a scroll of enchant weapon
 C - a scroll of blinking {unknown}
 E - a scroll of vulnerability {unknown}
Potions
 a - 2 potions of brilliance {unknown}
 g - a potion of haste {unknown}
 h - 2 potions of degeneration {unknown}
 q - a potion of mutation {unknown}
 s - a potion of cancellation {unknown}
 t - a potion of curing {unknown}
 x - 2 potions of heal wounds
 z - a potion of lignification {unknown}
 B - 2 potions of flight {unknown}
 F - a potion of experience {unknown}
Comestibles
 c - 5 rations


   Skills:
 + Level 6.4 Fighting
 + Level 9.5 Axes
 + Level 2.9 Armour
 + Level 5.0 Dodging


You had 7 spell levels left.
You didn't know any spells.
Your spell library was empty.

Dungeon Overview and Level Annotations

Branches:
Dungeon (7/15)
 Temple: D:4-7

Altars:
Dithmenos
Gozag
Nemelex Xobeh
Trog
Uskayaw

Shops:
D:5 *


Innate Abilities, Weirdness & Mutations

You reflexively headbutt those who attack you in melee.
You have a pair of horns on your head.


Message History

No target in view!
No target in view!
No target in view!
No target in view!
Calm down first, please.
Calm down first, please.
You feel a strong urge to attack something.
You feel your anger nearly subside.
You are no longer berserk.
You are exhausted.
You feel yourself slow down.
An orc comes into view.
It is wielding a +0 club and carrying a wand of clouds (4).
The orc zaps a wand.
The orc creates a blast of flame!
The orc barely misses you.
You are engulfed in blazing flames.
The orc completely misses you.
You are engulfed in blazing flames.
* * * LOW HITPOINT WARNING * * *
The orc barely misses you. You furiously retaliate!
You headbutt the orc. The orc hits you but does no damage.
You are engulfed in blazing flames.
You die...

#.. .......... #.#
.........###.. ... .. #.#
...( ... #.# #.. .. #.#
#.. ..# ###.# #... o#
#.###.####.# #.... ...<.
#.#........# #.#.. oo#.
#.#.#^# #..###.#.. #.###..
#§#§#.###....#....
#......##@§§..............
#.......o§..#.#.####.###..
#.##.########.#...........
..######.###.# #### #.#
#.# #.# #.# #+# .#


You could see an orc.

Vanquished Creatures
  A phantom (D:5)
  2 ogres
  A water moccasin skeleton (D:7)
  2 scorpions
  3 wights (D:5)
  2 howler monkeys
  A crimson imp (D:6)
  3 hounds
  An orc wizard (D:3)
  An orc priest (D:7)
  2 bullfrog skeletons
  3 iguanas
  2 worker ants
  A hound zombie (D:5)
  2 hound skeletons
  4 adders
  An adder skeleton (D:6)
  A worm (D:2)
  6 dart slugs
  2 leopard geckos
  9 orcs
  2 ball pythons (D:3)
  4 giant cockroaches
  6 hobgoblins
  10 kobolds
  5 quokkas
  6 bats
  6 frilled lizards
  9 goblins
  A leopard gecko skeleton (D:5)
  A quokka skeleton (D:5)
  4 rats
104 creatures vanquished.

Notes
Turn   | Place    | Note
-------+----------+-------------------------------------------
     0 | D:1      | Kolguev the Minotaur Berserker began the quest for the Orb.
     0 | D:1      | Reached XP level 1. HP: 19/19 MP: 0/0
   276 | D:1      | Reached skill level 4 in Axes
   348 | D:1      | Reached XP level 2. HP: 27/27 MP: 1/1
   657 | D:2      | Reached XP level 3. HP: 33/33 MP: 2/2
   752 | D:2      | Reached ** piety under Trog
   850 | D:2      | Found a faded altar of an unknown god.
  1492 | D:3      | Found a hide-covered altar of Uskayaw.
  1580 | D:3      | Reached XP level 4. HP: 41/41 MP: 3/3
  1730 | D:3      | Reached skill level 5 in Axes
  2230 | D:4      | Reached XP level 5. HP: 39/47 MP: 4/4
  2315 | D:4      | Reached *** piety under Trog
  2315 | D:4      | Reached skill level 6 in Axes
  2548 | D:4      | Noticed an ogre
  2557 | D:4      | Killed an ogre
  2557 | D:4      | Reached skill level 5 in Fighting
  2557 | D:4      | Reached XP level 6. HP: 46/56 MP: 5/5
  3000 | D:5      | Entered Level 5 of the Dungeon
  3009 | D:5      | Reached skill level 7 in Axes
  3178 | D:5      | Reached XP level 7. HP: 39/61 MP: 6/6
  3313 | D:5      | Reached skill level 8 in Axes
  3416 | D:5      | Found Buntigey's General Store.
  3424 | D:5      | Bought a scroll of enchant weapon for 105 gold pieces
  3424 | D:5      | Bought a potion of heal wounds for 70 gold pieces
  3444 | D:5      | Found a shadowy altar of Dithmenos.
  3613 | D:5      | Found a sparkling altar of Nemelex Xobeh.
  3637 | D:5      | Found a bloodstained altar of Trog.
  3847 | D:5      | Found an opulent altar of Gozag.
  4012 | D:6      | Reached skill level 9 in Axes
  4347 | D:6      | Reached XP level 8. HP: 69/70 MP: 7/7
  4724 | D:7      | Reached skill level 5 in Dodging
  4737 | D:7      | Engulfed by an orc's flame

Illustrated notes

Levels and vault maps discovered:
D:1:      lightli_arrival_flooded_house, layout_rooms
D:2:      layout_basic, chequers_ecumenical_altar_simple_redux
D:3:      layout_basic, nicolae_overflow_crystal_walls
D:4:      layout_gridville, first_ration
D:5:      layout_cave_pods, lemuel_doored_altar, lemuel_crystal_altar,
          nemelex_xobeh_ov_fountains_minmay, serial_shops, shop,
          nicolae_gozag_seed_capital
D:6:      layout_basic, kennysheep_generic_room_4
D:7:      layout_basic, makhleb_blood_cavern_becter, temple_statues,
          kennysheep_small_spiral, water_boxes_lemuel, uniq_maggie

Skill      XL: |  1  2  3  4  5  6  7  8 |
---------------+-------------------------+-----
Axes           | 4 5 6 7 9 |  9.5
Fighting       | 4 5 6 |  6.4
Dodging        | 3 4 5 |  5.0
Armour         | |  2.9

Action                   |  1- 3 |  4- 6 |  7- 9 || total
-------------------------+-------+-------+-------++-------
Melee: Hand axe          |    74 |    78 |    81 ||   233
       Headbutt          |    10 |     9 |    13 ||    32
Invok: Berserk           |     2 |     3 |     2 ||     7
  Use: Scroll            |       |     2 |       ||     2
 Stab: Sleeping          |     1 |     1 |       ||     2
  Eat: Chunk             |     4 |     4 |     3 ||    11
       Ration            |       |     1 |     1 ||     2
Armor: Animal skin       |    20 |    11 |     9 ||    40
Dodge: Dodged            |    37 |    38 |    36 ||   111
